 Dungeon Crawl Stone Soup version 0.21-a0-521-g1cd18d1 (webtiles) character file.

49 slep the Skirmisher (level 3, 0/29 HPs)
             Began as a Demonspawn Monk on Dec 6, 2017.
             Succumbed to an adder's poison
             ... on level 2 of the Dungeon.
             The game lasted 00:03:40 (880 turns).

slep the Skirmisher (Demonspawn Monk)                Turns: 880, Time: 00:03:40

Health: 0/29       AC:  3    Str: 12    XL:     3   Next: 53%
Magic:  3/3        EV: 13    Int: 11    God:
Gold:   36         SH:  0    Dex: 17    Spells: 2/2 levels left

rFire    . . .     SeeInvis .   a - +0 hand axe
rCold    . . .     Gourm    .   (no shield)
rNeg     . . .     Faith    .   b - +0 robe
rPois    .         Spirit   .   e - +0 helmet
rElec    .         Reflect  .   (no cloak)
rCorr    .         Harm     .   (no gloves)
MR       .....                  (no boots)
Stlth    ++++......             (no amulet)
HPRegen  0.09/turn              (no ring)
MPRegen  0.08/turn              (no ring)

@: lethally poisoned (0 -> -3), berserk cooldown, slowed, very slow
A: thin skeletal structure 1, nightstalker 1
a: no special abilities


You were on level 2 of the Dungeon.
You were full.

You visited 1 branch of the dungeon, and saw 2 of its levels.

You collected 36 gold pieces.

Inventory:

Hand Weapons
 a - a +0 hand axe (weapon)
Armour
 b - a +0 robe (worn)
 e - a +0 helmet (worn)
Scrolls
 d - a scroll of amnesia {unknown}
 f - a scroll of enchant weapon {unknown}
 h - 2 scrolls of blinking {unknown}
 i - 2 scrolls of teleportation {unknown}
Comestibles
 c - 2 bread rations


   Skills:
 + Level 3.5 Fighting
 + Level 3.3 Axes
 + Level 3.1 Dodging
 + Level 1.9 Stealth


You had 2 spell levels left.
You didn't know any spells.

Dungeon Overview and Level Annotations

Branches:
Dungeon (2/15)

Altars:


Innate Abilities, Weirdness & Mutations

You have a somewhat thin skeletal structure. (Dex +2, Stealth)
You are slightly more attuned to the shadows.


Message History

* * * LOW HITPOINT WARNING * * *
You feel sick.
You start resting.
You feel your anger nearly subside.
You are no longer berserk.
You are exhausted.
You feel yourself slow down.
There is a lethal amount of poison in your body!
You aren't carrying any potions.
You eat one of the 3 bread rations.
That bread ration really hit the spot!
* * * LOW HITPOINT WARNING * * *
You feel sick.
* * * LOW HITPOINT WARNING * * *
You feel sick.
* * * LOW HITPOINT WARNING * * *
You feel sick.
* * * LOW HITPOINT WARNING * * *
You feel sick.
* * * LOW HITPOINT WARNING * * *
You feel sick.
You die...

#.#.##.#.##.#
#.#.##.#....#..
#...............
#.#.#..(........
#.#.############
#######.#.#
........#.#
#######.#.###
.....†@>......
#########.####
.# #


There were no monsters in sight!

Vanquished Creatures
  An adder (D:2)
  An ooze (D:1)
  5 dart slugs (D:1)
  A leopard gecko (D:1)
  4 bats (D:1)
  A giant cockroach (D:1)
  A hobgoblin (D:1)
  2 jackals (D:1)
  3 frilled lizards (D:1)
  2 goblins (D:1)
  4 kobolds (D:1)
  4 rats (D:1)
29 creatures vanquished.

Notes
Turn   | Place    | Note
-------+----------+-------------------------------------------
     0 | D:1      | slep the Demonspawn Monk began the quest for the Orb.
     0 | D:1      | Reached XP level 1. HP: 18/18 MP: 1/1
    86 | D:1      | Gained mutation: You have a somewhat thin skeletal structure. (Dex +2, Stealth) [demonic ancestry]
    86 | D:1      | Reached XP level 2. HP: 13/24 MP: 2/2
   408 | D:1      | Gained mutation: You are slightly more attuned to the shadows. [demonic ancestry]
   408 | D:1      | Reached XP level 3. HP: 13/29 MP: 3/3
   878 | D:2      | HP: 1/29 [poisoned by an adder]
   880 | D:2      | Succumbed to an adder's poison

Vault maps used:
D:1:      lightli_iron_boxes
D:2:      nicolae_overflow_crystal_walls, overflow_temple_1_default,
          zin_statuary, first_bread

Skill      XL: |  1  2 |
---------------+-------+-----
Axes           | 3 |  3.3
Dodging        | 3 |  3.1
Fighting       | |  3.5
Stealth        | |  1.9

Action                   || total
-------------------------++-------
Melee: Hand axe          ||    99
  Use: Potion            ||     1
 Stab: Sleeping          ||     4
  Eat: Bread ration      ||     1
Armor: Robe              ||    21
Dodge: Dodged            ||    69

Table legend:
 A = Spawn XP
 B = Non-spawn XP
 C = Spawn XP percentage of total XP
 D = Spawn monster count
 E = Non-spawn monster count
 F = Spawn count percentage of total count
 G = Total turns spent on level
                    A         B        C        D         E        F      G
               +---------+---------+-------+---------+---------+-------+---------
         Total |       0 |      71 |   0.0 |       0 |      29 |   0.0 |   880
               +---------+---------+-------+---------+---------+-------+---------
           D:1 |       0 |      58 |   0.0 |       0 |      28 |   0.0 |   840
           D:2 |       0 |      13 |   0.0 |       0 |       1 |   0.0 |    40
               +---------+---------+-------+---------+---------+-------+---------
